 Dungeon Crawl Stone Soup version 0.22-a0-422-g9628fc8 (webtiles) character file.

261991 George the Fencer (level 19, -1/177 HPs)
             Began as a Minotaur Fighter on May 19, 2018.
             Was the Champion of Okawaru.
             Shot with an arrow by a deep elf archer (16 damage)
             ... led by an ironheart preserver
             ... on level 2 of the Vaults.
             The game lasted 01:41:08 (32560 turns).

George the Fencer (Minotaur Fighter)               Turns: 32560, Time: 01:41:09

Health: -1/177     AC: 35    Str: 27    XL:     19   Next: 21%
Magic:  27/28      EV: 25    Int:  6    God:    Okawaru [******]
Gold:   3282       SH:  0    Dex: 17    Spells: 18/18 levels left

rFire    . . .     SeeInvis .   T - +2 great sword (elec)
rCold    + + .     Gourm    .   (shield currently unavailable)
rNeg     + + +     Faith    .   Q - +9 ice dragon scales "Datt" {rPois rF- rC++ rN+++ MR- Str+3}
rPois    +         Spirit   .   D - +0 hat
rElec    .         Reflect  .   N - +0 cloak
rCorr    .         Harm     .   L - +1 pair of gloves {Dex+3}
MR       .....                  I - +2 pair of boots {run}
Stlth    +++.......             s - amulet of regeneration
HPRegen  0.79/turn              W - ring of protection from fire
MPRegen  0.21/turn              C - ring of Shadows {Umbra +Inv Stlth+}

@: lethally poisoned (-1 -> -3), heroism, finesse, slowed, wreathed by umbra,
very slow
A: retaliatory headbutt, horns 2
}: 2/15 runes: barnacled, gossamer
a: Heroism, Finesse, Renounce Religion, Evoke Invisibility


You were on level 2 of the Vaults.
You worshipped Okawaru.
Okawaru was exalted by your worship.
You were hungry.

You visited 7 branches of the dungeon, and saw 34 of its levels.
You visited the Abyss 1 time.
You also visited: Ice Cave.

You collected 3346 gold pieces.
You spent 64 gold pieces at shops.

Inventory:

Hand Weapons
 c - a +4 double sword of slicing
 K - the +6 longbow of the Thirsty Wonders {velocity, rN+ Str+2}
   (You found it on level 5 of the Dungeon)

   Any arrow fired from it inflicts extra damage.
   It affects your strength (+2).
   It protects you from negative energy.
 M - a +4 scimitar of flaming
 T - a +2 great sword of electrocution (weapon)
 U - a +3 demon blade of draining
Missiles
 F - 963 arrows
 Y - 11 throwing nets (quivered)
Armour
 a - the +2 buckler of Tartarus {Slay+2}
   (You took it off an orc on level 1 of the Vaults)

   It affects your accuracy and damage with ranged weapons and melee attacks
   (+2).
 A - a +1 pair of gloves of archery
 D - a +0 hat (worn)
 G - a +1 pair of boots of flying
 I - a +2 pair of boots of running (worn)
 L - a +1 pair of gloves of dexterity (worn)
 N - a +0 cloak (worn)
 Q - the +9 ice dragon scales "Datt" (worn) {rPois rF- rC++ rN+++ MR- Str+3}
   (You found it in an ice cave)

   It affects your strength (+3).
   It makes you vulnerable to fire.
   It greatly protects you from cold.
   It protects you from poison.
   It renders you almost immune to negative energy.
   It affects your resistance to hostile enchantments.
Jewellery
 s - an amulet of regeneration (around neck)
 t - an uncursed ring of resist corrosion
 u - an uncursed ring of positive energy
 B - the ring "Koesadil" {rElec rPois rC+ Int+4}
   (You found it on level 3 of the Spider Nest)

   [ring of protection from cold]

   It affects your intelligence (+4).
   It protects you from cold.
   It insulates you from electricity.
   It protects you from poison.
 C - the ring of Shadows (right hand) {Umbra +Inv Stlth+}
   (You took it off a merfolk on level 4 of the Shoals)

   [ring of stealth]

   It lets you turn invisible.
   It makes you more stealthy.
 O - the ring of the Mage {Wiz MR++ Int+3}
   (You found it on level 6 of the Lair of Beasts)

   [ring of wizardry]

   It improves your spell success rate.
   It affects your intelligence (+3).
   It affects your resistance to hostile enchantments.
 W - a ring of protection from fire (left hand)
Wands
 o - a wand of disintegration (24)
 q - a wand of paralysis (11)
 w - a wand of acid (20)
 E - a wand of digging (9)
 V - a wand of iceblast (13)
Scrolls
 e - 15 scrolls of teleportation
 g - 5 scrolls of fear
 h - 11 scrolls of remove curse
 l - 5 scrolls of enchant armour
 m - 2 scrolls of summoning
 r - 4 scrolls of magic mapping
 v - a scroll of identify
 x - 3 scrolls of holy word
 y - 5 scrolls of blinking
 H - 5 scrolls of immolation
 J - 9 scrolls of enchant weapon
 X - a scroll of fog
Potions
 b - 4 potions of mutation
 d - 4 potions of might
 i - 9 potions of heal wounds
 j - 5 potions of cancellation
 k - 4 potions of agility
 n - 11 potions of curing
 p - 5 potions of haste
 R - 2 potions of resistance
Miscellaneous
 P - a phantom mirror
 S - a lamp of fire
 Z - a lightning rod (4/4)
Comestibles
 f - 59 rations
 z - a chunk of flesh


   Skills:
 + Level 17.0(22.0) Fighting
 + Level 17.6(22.6) Long Blades
 + Level 16.9(21.9) Armour
 + Level 15.5(20.5) Dodging
 - Level 16.6(21.6) Shields
 + Level 14.4 Invocations


You had 18 spell levels left.
You didn't know any spells.
Your spell library contained the following spells:

 Spells                   Type           Power        Failure   Level  Hunger
 Cause Fear               Hex            #.........   100%        4    #####..
 Magic Dart               Conj           #...         63%         1    ##.....
 Apportation              Tloc           #.....       63%         1    ##.....
 Bolt of Magma            Conj/Fire/Erth #.........   100%        5    ######.
 Venom Bolt               Conj/Pois      #.........   100%        5    ######.
 Teleport Other           Tloc           #.......     94%         3    ####...
 Summon Small Mammal      Summ           #...         63%         1    ##.....
 Blink                    Tloc           N/A          77%         2    ###....
 Iskenderun's Mystic Bla  Conj           #.......     100%        4    #####..
 Animate Skeleton         Necr           N/A          63%         1    ##.....
 Summon Ice Beast         Ice/Summ       #.......     100%        4    #####..
 Call Imp                 Summ           #.......     77%         2    ###....
 Summon Demon             Summ           #.........   100%        5    ######.
 Iron Shot                Conj/Erth      #.........   100%        6    #######
 Recall                   Summ/Tloc      N/A          94%         3    ####...
 Deflect Missiles         Chrm/Air       #.........   100%        6    #######
 Shadow Creatures         Summ           N/A          100%        6    #######
 Confusing Touch          Hex            #.....       63%         1    ##.....
 Call Canine Familiar     Summ           #.......     94%         3    ####...
 Silence                  Hex/Air        #.........   100%        5    ######.
 Passage of Golubria      Tloc           N/A          100%        4    #####..
 Orb of Destruction       Conj           #.........   100%        7    #######
 Shroud of Golubria       Chrm/Tloc      #.........   77%         2    ###....
 Aura of Abjuration       Summ           #.........   100%        5    ######.
 Iskenderun's Battlesphe  Conj/Chrm      #.......     100%        5    ######.
 Fulminant Prism          Conj/Hex       #.........   100%        4    #####..
 Dazzling Spray           Conj/Hex       #.....       94%         3    ####...
 Force Lance              Conj/Tloc      #.......     100%        4    #####..
 Searing Ray              Conj           #.....       77%         2    ###....
 Discord                  Hex            #.........   100%        8    #######
 Summon Forest            Summ/Tloc      #.........   100%        5    ######.
 Summon Lightning Spire   Summ/Air       #.......     100%        4    #####..
 Summon Guardian Golem    Hex/Summ       #.......     94%         3    ####...
 Spellforged Servitor     Conj/Summ      #.........   100%        7    #######
 Summon Mana Viper        Hex/Summ       #.......     100%        5    ######.
 Gell's Gravitas          Tloc           #.........   94%         3    ####...
 Yara's Violent Unravell  Hex/Tmut       #.........   100%        5    ######.
 Lesser Beckoning         Tloc           #.........   94%         3    ####...


Dungeon Overview and Level Annotations

Branches:
Dungeon (15/15)            Temple (1/1) D:7            Lair (6/6) D:10
 Shoals (4/4) Lair:2       Spider (4/4) Lair:4        Slime (0/5) Lair:6
    Orc (2/2) D:9             Elf (0/3) Orc:2        Vaults (2/5) D:14
 Depths (0/5) D:15
  Crypt: Vaults:2-3

Altars:
Ashenzari
Cheibriados
Dithmenos
Elyvilon
Fedhas
Gozag
Hepliaklqana
Kikubaaqudgha
Makhleb
Nemelex Xobeh
Okawaru
Qazlal
Ru
Sif Muna
Trog
Uskayaw
Vehumet
Wu Jian
Xom
Yredelemnul
Zin
The Shining One
Jiyva

Shops:
D:4 }}   D:8 [   D:9 ?   D:12 (   Orc:1 !   Orc:2 =!*?

Portals:
Trove: D:13 (give 6 scrolls of blinking)


Innate Abilities, Weirdness & Mutations

You reflexively headbutt those who attack you in melee.
You have a pair of horns on your head.


Message History

You barely miss the deep elf archer.
Your headbutt misses the deep elf archer.
The deep elf archer is moderately wounded.
You feel sick.
You hit the deep elf archer.
The deep elf archer is moderately wounded.
You feel sick.
The deep elf archer blinks!
You are no longer corroded.
You feel very sick.
The deep elf archer shoots an arrow.
The arrow hits you but does no damage.
The deep elf archer unwields an uncursed short sword of venom.
It stops dripping with poison.
The deep elf archer wields an uncursed shortbow.
The deep elf archer shoots an arrow.
The arrow completely misses you.
The deep elf archer gestures at you while chanting.
You struggle to resist.
You feel sick.
The deep elf archer shoots an arrow.
The arrow completely misses you.
The deep elf archer shoots an arrow.
The arrow hits you!
You die...

*,,**,* #...... *,,∩#.#
#...... *,,*#.# #......
*,*##.# #....).
#⌠##..####### #......
#.#.........# #......
#...(.......# #.....)
*#..(......(# #......
#...(.@..e.#### ##+####
#...(†)((..(..###..###.
#....)(†((e#...........
#...(..((((##...####...
#############..........
****,,,,,,***#.#.≈≈≈≈.#.
*,,*,,,,*,,*#..#.≈≈≈≈.#.
*,,,,,,,*,,,+..#.≈≈≈≈.#.
*,,*,,,,*,,*##.#.≈≈≈≈.#.


You could see 2 deep elf archers.

Vanquished Creatures
  Mara (Shoals:4)
  Margery (Vaults:2)
  Arachne (Spider:2)
  Rupert (D:12)
  3 krakens
  A sphinx (Vaults:1)
  Donald (Shoals:4)
  Ilsuiw (Shoals:3)
  2 vault wardens
  The ghost of BattleRest the Cleaver, a journeyman DsBe of Trog (Shoals:1)
  3 ghost moths
  An orc warlord (Orc:1)
  7 emperor scorpions
  Aizul (Shoals:1)
  An ironheart preserver (Vaults:2)
  2 stone giants
  An entropy weaver (Vaults:2)
  Nessos (Lair:6)
  5 merfolk javelineers (Shoals:4)
  An ettin (Orc:1)
  Snorg (Lair:6)
  13 merfolk impalers
  A fire dragon (D:15)
  An ice dragon (D:11)
  A yaktaur captain (D:14)
  5 vault guards
  The ghost of CLM the Cleaver, a journeyman GnWn of Ashenzari (D:11)
  Harold (Lair:4)
  7 merfolk avatars
  Erica (D:8)
  7 centaur warriors
  A death knight (Vaults:1)
  6 merfolk aquamancers
  An ogre mage (Vaults:1)
  A two-headed ogre (D:14)
  11 hydras
  A satyr (Shoals:4)
  14 death yaks
  An orc high priest (Orc:2)
  A tengu warrior (D:13)
  5 hell knights (Vaults:2)
  Sonja (Orc:2)
  The ghost of MisterFreud the Cleaver, a novice HOFi (D:7)
  A deep elf knight (Vaults:2)
  8 sea snakes
  3 skeletal warriors
  2 unseen horrors
  A flayed ghost (Vaults:1)
  A kraken simulacrum (Shoals:4)
  8 orc knights
  2 deep elf archers
  A phantasmal warrior (D:15)
  19 harpies
  2 necromancers
  Pikel (D:8)
  12 orb spiders
  2 oklob plants (Lair:1)
  A wolf spider zombie (D:13)
  A deep elf mage (D:15)
  An ironbrand convoker (Vaults:1)
  3 cyclopes
  24 ugly things
  A tengu skeleton (D:15)
  18 wolf spiders
  12 fauns
  4 orc sorcerers
  14 manticores
  3 moths of wrath
  11 elephants
  Joseph (D:8)
  A guardian serpent (shapeshifter) (D:13)
  3 vault sentinels
  5 black mambas
  18 merfolk sirens
  Maurice (D:10)
  3 ice statues (IceCv)
  3 torpor snails
  4 water nymphs
  25 spiny frogs
  A kobold demonologist (D:15)
  An efreet (D:14)
  2 rime drakes
  5 yaktaurs
  2 ice devils (D:12)
  15 demonic crawlers
  9 komodo dragons
  30 jumping spiders
  5 tyrant leeches (Lair:6)
  A polar bear (shapeshifter) (Vaults:1)
  2 wind drakes
  46 merfolk
  4 trolls
  Grinder (D:5)
  34 blink frogs
  7 hornets
  2 polar bears
  An ice dragon zombie (D:15)
  Prince Ribbit (D:7)
  12 hippogriffs
  A fire dragon zombie (D:15)
  12 snapping turtles
  5 slime creatures
  25 dream sheep
  Sigmund (D:4)
  An ettin skeleton (D:15)
  2 shadows (D:13)
  11 water elementals
  57 redbacks
  12 tarantellas
  33 yaks
  4 wraiths
  4 wyverns
  4 hungry ghosts
  4 basilisks
  16 vampire mosquitoes
  A harpy simulacrum (D:13)
  8 wargs
  An acid dragon (Vaults:2)
  10 water moccasins
  7 porcupines
  A soldier ant (D:13)
  38 orc warriors
  2 hornet zombies (D:15)
  10 ice beasts
  A slave (D:8)
  2 phantoms
  4 sky beasts
  3 black bears
  2 eyes of draining
  10 wolves
  An eye of draining (shapeshifter) (D:15)
  A necrophage (D:10)
  5 boggarts (Vaults:2)
  8 ogres
  33 centaurs
  15 crocodiles
  4 big kobolds
  22 bullfrogs
  2 wyvern skeletons
  5 scorpions
  15 killer bees
  16 wights
  2 electric eels (Lair:1)
  8 howler monkeys
  4 centaur zombies
  3 quasits
  4 crimson imps
  A bullfrog zombie (D:10)
  5 hounds
  7 jellies
  12 orc priests
  A bullfrog skeleton (D:9)
  22 orc wizards
  3 centaur skeletons
  5 hell rats (Lair:5)
  Natasha (twice) (D:2)
  An iguana (D:4)
  8 worker ants
  A howler monkey skeleton (D:4)
  18 adders
  A shadow imp (D:9)
  An ooze (D:2)
  An adder skeleton (D:4)
  3 adder zombies
  2 worms
  3 dart slugs (D:1)
  6 leopard geckos
  71 orcs
  8 giant cockroaches
  7 hobgoblins
  17 jackals
  6 quokkas
  2 ball pythons (D:3)
  9 bats
  3 frilled lizards
  6 goblins
  16 kobolds
  A leopard gecko skeleton (D:5)
  A quokka skeleton (D:7)
  2 quokka zombies
  12 rats
  9 tentacles
1233 creatures vanquished.

Vanquished Creatures (others)
  A komodo dragon (Lair:6)
  A jumping spider (Spider:2)
  A tarantella (Vaults:2)
  A water elemental (Shoals:4)
  An orc (Orc:2)
  5 fungi
  33 plants
  21 tentacles
  3 withered plants (D:15)
67 creatures vanquished.

Grand Total: 1300 creatures vanquished

Notes
Turn   | Place    | Note
-------+----------+-------------------------------------------
     0 | D:1      | George the Minotaur Fighter began the quest for the Orb.
     0 | D:1      | Reached XP level 1. HP: 19/19 MP: 0/0
    73 | D:1      | Reached XP level 2. HP: 20/26 MP: 1/1
   661 | D:1      | Reached XP level 3. HP: 31/31 MP: 2/2
  1010 | D:2      | Reached skill level 5 in Long Blades
  1313 | D:2      | Reached XP level 4. HP: 39/39 MP: 3/3
  1429 | D:2      | Noticed Natasha
  1432 | D:2      | Killed Natasha
  1442 | D:2      | Noticed Natasha
  1462 | D:2      | Killed Natasha
  1567 | D:2      | Reached XP level 5. HP: 38/45 MP: 4/4
  1734 | D:3      | Found an iron altar of Okawaru.
  1768 | D:3      | Became a worshipper of Warmaster Okawaru
  2376 | D:4      | Reached skill level 1 in Dodging
  2397 | D:4      | Noticed a phantom
  2414 | D:4      | Killed a phantom
  2414 | D:4      | Reached skill level 1 in Invocations
  2414 | D:4      | Reached XP level 6. HP: 43/52 MP: 5/5
  2719 | D:4      | Found Ubem's Gadget Emporium.
  2799 | D:4      | Found Ipotuetu's Gadget Boutique.
  2986 | D:4      | Reached * piety under Okawaru
  2986 | D:4      | Reached XP level 7. HP: 36/60 MP: 7/7
  3145 | D:4      | Noticed Sigmund
  3171 | D:4      | Killed Sigmund
  3388 | D:5      | Entered Level 5 of the Dungeon
  3388 | D:5      | Noticed Grinder
  3406 | D:5      | Paralysed by Grinder for 2 turns
  3417 | D:5      | Paralysed by Grinder for 2 turns
  3426 | D:5      | Paralysed by Grinder for 3 turns
  3437 | D:5      | Killed Grinder
  3437 | D:5      | Reached ** piety under Okawaru
  3437 | D:5      | Reached skill level 5 in Fighting
  3437 | D:5      | Reached skill level 5 in Armour
  3437 | D:5      | Reached skill level 5 in Shields
  3732 | D:5      | Reached XP level 8. HP: 55/68 MP: 9/9
  4004 | D:5      | Got a transparent longbow
  4010 | D:5      | Identified the +6 longbow of the Thirsty Wonders {velocity, rN+ Str+2} (You found it on level 5 of the Dungeon)
  4855 | D:7      | Reached *** piety under Okawaru
  4879 | D:7      | HP: 2/70 [orc priest/divine providence (11)]
  5421 | D:7      | Found a staircase to the Ecumenical Temple.
  5428 | D:7      | Noticed MisterFreud's ghost (novice HOFi)
  5431 | Temple   | Entered the Ecumenical Temple
  5975 | D:7      | Reached XP level 9. HP: 68/75 MP: 9/11
  6039 | D:7      | Killed MisterFreud's ghost
  6039 | D:7      | Reached skill level 5 in Dodging
  6060 | D:7      | Noticed Prince Ribbit
  6429 | D:7      | Killed Prince Ribbit
  6634 | D:8      | Reached **** piety under Okawaru
  6644 | D:8      | Reached skill level 5 in Invocations
  6738 | D:8      | Noticed Pikel
  6752 | D:8      | Killed Pikel
  6754 | D:8      | Found Ruor Bemp's Armour Emporium.
  6923 | D:8      | Reached ***** piety under Okawaru
  6923 | D:8      | Reached XP level 10. HP: 86/86 MP: 12/12
  6930 | D:8      | Received a gift from Okawaru
  6984 | D:8      | Noticed a three-headed hydra
  6989 | D:8      | Killed a one-headed hydra
  7147 | D:8      | Noticed a four-headed hydra
  7155 | D:8      | Killed a one-headed hydra
  7221 | D:8      | Noticed Joseph
  7221 | D:8      | Noticed Erica
  7226 | D:8      | Reached skill level 10 in Long Blades
  7241 | D:8      | Killed Erica
  7260 | D:8      | Killed Joseph
  7533 | D:9      | Received a gift from Okawaru
  7676 | D:9      | Found Wairool's Magic Scroll Shop.
  7704 | D:9      | Found a staircase to the Orcish Mines.
  7718 | D:9      | Reached XP level 11. HP: 85/95 MP: 14/14
  7957 | D:10     | Entered Level 10 of the Dungeon
  8114 | D:10     | Noticed Maurice
  8153 | D:10     | Killed Maurice
  8184 | D:10     | Found a sacrificial altar of Ru.
  8582 | D:10     | Found a staircase to the Lair.
  9076 | D:11     | Noticed CLM's ghost (journeyman GnWn)
  9102 | D:11     | Killed CLM's ghost
  9177 | D:11     | Reached ****** piety under Okawaru
  9262 | D:11     | Received a gift from Okawaru
  9393 | D:11     | Noticed a purple ugly thing
  9407 | D:11     | Killed a purple ugly thing
  9618 | D:11     | Noticed an ice dragon
  9638 | D:11     | Killed an ice dragon
  9638 | D:11     | Reached skill level 10 in Fighting
  9638 | D:11     | Reached skill level 10 in Armour
  9638 | D:11     | Reached skill level 10 in Shields
  9638 | D:11     | Reached XP level 12. HP: 38/106 MP: 13/16
 10188 | D:12     | Noticed Rupert
 10190 | D:12     | Paralysed by Rupert for 2 turns
 10201 | D:12     | Killed Rupert
 10257 | D:12     | Found a frozen archway.
 10468 | IceCv    | Entered an ice cave
 11065 | IceCv    | Got scorched ice dragon scales
 11070 | IceCv    | Got a coiled bronze ring
 11075 | IceCv    | Identified the ring of Nilaqy {Wiz +Inv Str+2 Dex+3} (You found it in an ice cave)
 11088 | IceCv    | Identified the +9 ice dragon scales "Datt" {rPois rF- rC++ rN+++ MR- Str+3} (You found it in an ice cave)
 11291 | D:12     | Received a gift from Okawaru
 11295 | D:12     | Got a warped long sword {god gift}
 11296 | D:12     | Identified the +9 long sword "Bukluij" {pain, *Drain rElec rPois Int+3} (Okawaru gifted it to you on level 12 of the Dungeon)
 11309 | D:12     | Found Vesum's Weapon Emporium.
 11592 | Lair:1   | Entered Level 1 of the Lair of Beasts
 11928 | Lair:1   | Noticed a five-headed hydra
 11934 | Lair:1   | Killed a three-headed hydra
 11934 | Lair:1   | Received a gift from Okawaru
 12047 | Lair:1   | Reached XP level 13. HP: 94/116 MP: 18/18
 12569 | Lair:2   | Found a staircase to the Shoals.
 12703 | Lair:2   | Reached skill level 10 in Dodging
 13216 | Lair:3   | Received a gift from Okawaru
 13722 | Lair:4   | Found a hole to the Spider Nest.
 13876 | Lair:4   | Noticed Harold
 13890 | Lair:4   | Killed Harold
 13907 | Lair:4   | You are sucked into a shaft for 2 floors!
 13907 | Lair:6   | Entered Level 6 of the Lair of Beasts
 13919 | Lair:6   | Noticed Snorg
 13933 | Lair:6   | Killed Snorg
 14088 | Lair:6   | Received a gift from Okawaru
 14134 | Lair:6   | Reached skill level 10 in Invocations
 14258 | Lair:5   | Reached XP level 14. HP: 126/126 MP: 20/20
 14444 | Lair:5   | Received a gift from Okawaru
 15959 | Lair:6   | Received a gift from Okawaru
 16187 | Lair:6   | Found the ring of the Mage {Wiz MR++ Int+3}
 16215 | Lair:6   | Reached XP level 15. HP: 111/136 MP: 22/22
 16322 | Lair:6   | Noticed Nessos
 16350 | Lair:6   | Killed Nessos
 16540 | Lair:6   | Found a viscous altar of Jiyva.
 16541 | Lair:6   | Found a staircase to the Slime Pits.
 16954 | Orc:1    | Entered Level 1 of the Orcish Mines
 17061 | Orc:1    | Noticed an orc warlord
 17085 | Orc:1    | Killed an orc warlord
 17150 | Orc:1    | Found Kovvell's Distillery.
 17404 | Orc:2    | Entered Level 2 of the Orcish Mines
 17404 | Orc:2    | Noticed Sonja
 17409 | Orc:2    | Killed Sonja
 17700 | Orc:2    | Received a gift from Okawaru
 17859 | Orc:2    | Found a staircase to the Elven Halls.
 18015 | Orc:2    | Found Qokaov's Distillery.
 18015 | Orc:2    | Found Yralysseotu's Assorted Antiques.
 18015 | Orc:2    | Found Takliupn's Magic Scroll Shoppe.
 18018 | Orc:2    | Found Ydatsu's Jewellery Shop.
 18279 | Orc:2    | Bought a scroll labeled UCA PEAZ HIA for 32 gold pieces
 18279 | Orc:2    | Bought a scroll labeled ZYRUPO AZA UZIYST for 32 gold pieces
 18464 | D:13     | Found a portal to a secret trove of treasure.
 19670 | D:14     | Found a gate to the Vaults.
 19685 | D:14     | Received a gift from Okawaru
 19686 | D:14     | Got a spiked large shield {god gift}
 19697 | D:14     | Identified the +0 large shield "Tatell" {rN+ Regen+ Slay-3 SInv} (Okawaru gifted it to you on level 14 of the Dungeon)
 20424 | D:15     | Entered Level 15 of the Dungeon
 20733 | D:15     | Reached XP level 16. HP: 146/146 MP: 23/23
 20827 | D:15     | Found a staircase to the Depths.
 20894 | D:15     | Reached skill level 15 in Long Blades
 21513 | Spider:1 | Entered Level 1 of the Spider Nest
 21709 | Spider:1 | Received a gift from Okawaru
 21831 | Spider:1 | Received a gift from Okawaru
 23150 | Spider:2 | Noticed Arachne
 23171 | Spider:2 | Killed Arachne
 23660 | Spider:3 | Received a gift from Okawaru
 23664 | Spider:3 | Got a dazzling long sword {god gift}
 23665 | Spider:3 | Identified the +1 long sword of the Blind Eye {venom, rPois rC- MR+ SInv} (Okawaru gifted it to you on level 3 of the Spider Nest)
 23676 | Spider:3 | Got a transparent granite ring
 23697 | Spider:3 | Identified the ring "Koesadil" {rElec rPois rC+ Int+4} (You found it on level 3 of the Spider Nest)
 24869 | Spider:4 | Entered Level 4 of the Spider Nest
 25049 | Spider:4 | Reached skill level 15 in Fighting
 25108 | Spider:4 | Reached skill level 15 in Shields
 25139 | Spider:4 | Received a gift from Okawaru
 25190 | Spider:4 | Reached XP level 17. HP: 121/156 MP: 2/25
 25207 | Spider:4 | Reached skill level 15 in Armour
 25289 | Spider:4 | Identified a +2 pair of boots of running (Okawaru gifted it to you on level 4 of the Spider Nest)
 25855 | Spider:4 | Got a gossamer rune of Zot
 26188 | Shoals:1 | Entered Level 1 of the Shoals
 26191 | Shoals:1 | Noticed Aizul
 26213 | Shoals:1 | Killed Aizul
 26245 | Shoals:1 | Noticed BattleRest's ghost (journeyman DsBe)
 26274 | Shoals:1 | Killed BattleRest's ghost
 27359 | Shoals:2 | Noticed a kraken
 27404 | Shoals:2 | Received a gift from Okawaru
 27416 | Shoals:2 | Killed a kraken
 27706 | Shoals:2 | Noticed a kraken
 27722 | Shoals:2 | Killed a kraken
 28134 | Shoals:3 | Noticed Ilsuiw
 28219 | Shoals:3 | Killed Ilsuiw
 28929 | Shoals:3 | Reached XP level 18. HP: 147/166 MP: 27/27
 28979 | Shoals:4 | Entered Level 4 of the Shoals
 29118 | Shoals:4 | Noticed Donald
 29144 | Shoals:4 | Killed Donald
 29275 | Shoals:4 | Noticed Mara
 29278 | Shoals:4 | Noticed George's illusion
 29503 | Shoals:4 | Noticed George's illusion
 29589 | Shoals:4 | Killed Mara
 29589 | Shoals:4 | Received a gift from Okawaru
 29639 | Shoals:4 | Got a pair of ichor-stained boots {god gift}
 29650 | Shoals:4 | Identified the +1 pair of boots of Okawaru's Generosity {*Contam rElec Int+2} (Okawaru gifted it to you on level 4 of the Shoals)
 30300 | Shoals:4 | Reached skill level 15 in Dodging
 30643 | Shoals:4 | Got a barnacled rune of Zot
 31174 | Vaults:1 | Entered Level 1 of the Vaults
 31410 | Vaults:1 | Got a jewelled buckler
 31482 | Vaults:1 | Identified the +2 buckler of Tartarus {Slay+2} (You took it off an orc on level 1 of the Vaults)
 31700 | Vaults:1 | Received a gift from Okawaru
 32145 | Vaults:2 | Noticed Margery
 32337 | Vaults:2 | Cast into level 2 of the Abyss (hell knight)
 32342 | Abyss:2  | Found a corrupted altar of Lugonu.
 32368 | Vaults:2 | Escaped the Abyss
 32382 | Vaults:2 | Reached XP level 19. HP: 125/174 MP: 28/28
 32392 | Vaults:2 | Killed Margery
 32410 | Vaults:2 | Received a gift from Okawaru
 32560 | Vaults:2 | Shot with an arrow by a deep elf archer

Vault maps used:
D:1:      dpeg_arrival_lava_temple_mockup, st_stairs_7, minivault_27,
          chequers_big_river
D:2:      uniq_natasha
D:3:      lemuel_crystal_altar, kennysheep_decorative_pillar,
          minmay_goblin_kobold_house
D:4:      serial_shops, shop_statue, kennysheep_mini, serial_column_ruins,
          column_ruins_grid_1, column_ruins_open_tiny, column_ruins_open_small,
          column_ruins_corridor_dead_end, column_ruins_columns_straight,
          first_ration, uniq_sigmund
D:5:      uniq_grinder
D:6:      mumra_celtic_spiral_tile, kennysheep_generic_room_12
D:7:      minmay_temple_entry_butterflies, uniq_prince_ribbit1
D:8:      serial_shops, shop, hangedman_ranch, minmay_misc_feat_chi,
          uniq_joseph, uniq_erica, uniq_pikel
D:9:      orc_0_dummy, serial_shops, shop_fountains
D:10:     grunt_lair_entry_orc_guard_hut, hangedman_ru_absence, uniq_maurice
D:11:     dragon1_lemuel
D:12:     portal_ice_cave_demonic_guard, serial_shops, shop, uniq_rupert
D:13:     nicolae_trove_entry_crossroad, spider_trap
D:14:     david_vaults_2, minivault_23, nicolae_twisting_strands
D:15:     gammafunk_depths_entry_grave
Temple:   kilobyte_greek_temple
Lair:1:   cheibrodos_lair_reptile_den, serial_bayou_shore_a,
          minmay_lair_oklob_chamber
Lair:2:   minmay_shoals_entry_hut, lemuel_fruit_fields
Lair:4:   spider_nest_entry_a, minivault_24, grunt_megastairs_1, uniq_harold
Lair:5:   minivault_11, grunt_megastairs_3
Lair:6:   minmay_lair_end_frog_pond, dpeg_slime_entry_enclosed_altar,
          uniq_snorg, uniq_nessos
Shoals:1: uniq_kirke, uniq_aizul
Shoals:3: uniq_ilsuiw
Shoals:4: shoals_end_grunt_ice, shoals_ilsuiw_ice, uniq_mara, uniq_donald
Spider:2: uniq_arachne
Spider:4: guppyfry_spider_rune
Orc:1:    serial_shops, nicolae_shop_stone
Orc:2:    st_orc_rangers, uniq_sonja
Vaults:1: hangedman_vaults_maws, vaults_mumra_minichess_inversion,
          ontoclasm_vaults_idyll, v_misc_15, nicolae_vaults_little_squares_5,
          ontoclasm_vaults_tryst, nicolae_vaults_theta
Vaults:2: vaults_room_ringed_pool, nicolae_vaults_statue_guard, v_misc_9,
          v_misc_24, hangedman_vaults_pinch, nicolae_vaults_little_squares_4,
          nicolae_vaults_little_squares_6, nicolae_vaults_diagonal_hallway_6,
          v_misc_17, v_misc_5, nicolae_vaults_mini_display_case, v_misc_28,
          nicolae_vaults_shelves_hall, serial_shops, bzr_entry_road,
          nicolae_shop_window_shopping, uniq_margery, uniq_bai_suzhen
IceCv:    ice_cave_statue_garden_chambered

Skill      XL: |  1  2  3  4  5  6  7  8  9 10 11 12 13 14 15 16 17 18 19 |
---------------+----------------------------------------------------------+-----
Long Blades    | 3 4 5 6 7 8 9 10 11 12 13 14 15 16 17 | 17.6
Dodging        | 1 2 3 4 5 7 8 9 10 11 12 13 14 15 | 15.5
Fighting       | 4 5 6 7 8 10 11 12 13 14 15 16 17 | 17.0
Armour         | 4 5 6 7 8 10 11 12 13 14 15 16 | 16.9
Shields        | 4 5 6 7 8 10 11 12 13 14 15 16 | 16.6
Invocations    | 1 2 4 5 6 7 8 10 11 12 13 14 | 14.4

Action                   |  1- 3 |  4- 6 |  7- 9 | 10-12 | 13-15 | 16-18 | 19-21 || total
-------------------------+-------+-------+-------+-------+-------+-------+-------++-------
Melee: Long sword        |   105 |   162 |   335 |       |       |       |       ||   602
       Headbutt          |    16 |    37 |    92 |   156 |   388 |   640 |    33 ||  1362
       Scimitar          |       |       |    81 |   586 |  1286 |  1749 |       ||  3702
       Falchion          |       |       |       |    63 |       |       |       ||    63
       Great sword       |       |       |       |       |       |   159 |    99 ||   258
 Fire: Longbow           |       |       |       |       |     4 |     8 |       ||    12
Throw: Tomahawk          |       |       |     4 |       |       |       |       ||     4
       Javelin           |       |       |     2 |       |       |       |       ||     2
Invok: Heroism           |       |       |     3 |     4 |     7 |    10 |     2 ||    26
       Finesse           |       |       |       |     2 |     2 |    10 |     2 ||    16
Evoke: Wand              |       |       |       |     4 |     6 |       |       ||    10
  Use: Scroll            |       |       |       |    19 |     6 |     9 |     1 ||    35
       Potion            |       |       |       |       |       |     4 |       ||     4
  Eat: Chunk             |     1 |     6 |    10 |    16 |    30 |    28 |     1 ||    92
       Ration            |       |       |     1 |     1 |       |     3 |       ||     5
Armor: Scale mail        |    47 |       |       |       |       |       |       ||    47
       Plate armour      |    15 |    92 |   188 |   165 |       |       |       ||   460
       Ice dragon scales |       |       |       |    37 |   380 |   609 |    43 ||  1069
Dodge: Dodged            |    35 |    21 |    79 |   267 |   636 |  1116 |   120 ||  2274
Block: Shield            |    65 |    81 |   172 |   331 |   824 |  1276 |       ||  2749
       Rpst.: Long sword |     9 |     9 |    19 |       |       |       |       ||    37
       Scimitar          |       |       |     3 |    63 |   128 |   186 |       ||   380
       Falchion          |       |       |       |     5 |       |       |       ||     5
       Great sword       |       |       |       |       |       |    26 |    20 ||    46

Table legend:
 A = Spawn XP
 B = Non-spawn XP
 C = Spawn XP percentage of total XP
 D = Spawn monster count
 E = Non-spawn monster count
 F = Spawn count percentage of total count
 G = Total turns spent on level
                    A         B        C        D         E        F      G
               +---------+---------+-------+---------+---------+-------+---------
         Total |       0 |  397478 |   0.0 |       0 |    1226 |   0.0 | 32560
               +---------+---------+-------+---------+---------+-------+---------
           D:1 |       0 |      52 |   0.0 |       0 |      32 |   0.0 |  1220
           D:2 |       0 |     149 |   0.0 |       0 |      16 |   0.0 |   405
           D:3 |       0 |      55 |   0.0 |       0 |      23 |   0.0 |   910
           D:4 |       0 |     748 |   0.0 |       0 |      24 |   0.0 |   853
           D:5 |       0 |     622 |   0.0 |       0 |      31 |   0.0 |   676
           D:6 |       0 |     432 |   0.0 |       0 |      16 |   0.0 |   768
           D:7 |       0 |    1983 |   0.0 |       0 |      24 |   0.0 |  1315
           D:8 |       0 |    6428 |   0.0 |       0 |      31 |   0.0 |   895
           D:9 |       0 |    1136 |   0.0 |       0 |      21 |   0.0 |   522
          D:10 |       0 |    3035 |   0.0 |       0 |      27 |   0.0 |   873
          D:11 |       0 |    7257 |   0.0 |       0 |      37 |   0.0 |  1485
          D:12 |       0 |    7918 |   0.0 |       0 |      42 |   0.0 |   857
          D:13 |       0 |    8937 |   0.0 |       0 |      41 |   0.0 |  1264
          D:14 |       0 |   10791 |   0.0 |       0 |      40 |   0.0 |   796
          D:15 |       0 |   15761 |   0.0 |       0 |      48 |   0.0 |   876
        Lair:1 |       0 |    6541 |   0.0 |       0 |      28 |   0.0 |   731
        Lair:2 |       0 |    2871 |   0.0 |       0 |      10 |   0.0 |   966
        Lair:3 |       0 |    7671 |   0.0 |       0 |      20 |   0.0 |   796
        Lair:4 |       0 |   12969 |   0.0 |       0 |      44 |   0.0 |   998
        Lair:5 |       0 |   12700 |   0.0 |       0 |      40 |   0.0 |   900
        Lair:6 |       0 |   32939 |   0.0 |       0 |      88 |   0.0 |  1228
      Shoals:1 |       0 |   19340 |   0.0 |       0 |      37 |   0.0 |   968
      Shoals:2 |       0 |   22953 |   0.0 |       0 |      40 |   0.0 |   987
      Shoals:3 |       0 |   18815 |   0.0 |       0 |      37 |   0.0 |  1065
      Shoals:4 |       0 |   57607 |   0.0 |       0 |      84 |   0.0 |  1738
      Spider:1 |       0 |   11956 |   0.0 |       0 |      38 |   0.0 |  1079
      Spider:2 |       0 |   12124 |   0.0 |       0 |      29 |   0.0 |  1062
      Spider:3 |       0 |   13736 |   0.0 |       0 |      30 |   0.0 |  1280
      Spider:4 |       0 |   29902 |   0.0 |       0 |      59 |   0.0 |  1144
         Orc:1 |       0 |    5668 |   0.0 |       0 |      27 |   0.0 |   503
         Orc:2 |       0 |   12796 |   0.0 |       0 |      70 |   0.0 |   920
      Vaults:1 |       0 |   25406 |   0.0 |       0 |      51 |   0.0 |  1142
      Vaults:2 |       0 |   22976 |   0.0 |       0 |      30 |   0.0 |   213
         IceCv |       0 |    3204 |   0.0 |       0 |      11 |   0.0 |   652
               +---------+---------+-------+---------+---------+-------+---------
